 Dungeon Crawl Stone Soup version 0.30-a0-534-gdc55766716 (webtiles) character file.

Game seed: 15196595025266423403

759 Sabo the Covered (level 7, -1/62 HPs)
             Began as an Armataur Fighter on Dec 24, 2022.
             Was a Follower of Ashenzari.
             Slain by Prince Ribbit (4 damage)
             ... on level 5 of the Dungeon.
             The game lasted 00:30:06 (5134 turns).

Sabo the Covered (Armataur Fighter)                 Turns: 5134, Time: 00:30:06

Health: -1/62      AC:  8    Str: 23    XL:     7   Next: 50%
Magic:  0/7        EV:  7    Int:  9    God:    Ashenzari [*.....]
Gold:   246        SH:  0    Dex:  9    Spells: 6/6 levels left

rFire   + . .      SeeInvis .    g - +3 war axe
rCold   . . .      Faith    .    c - +0 buckler
rNeg    . . .      Spirit   +    b - +0 scale mail
rPois   +          Reflect  .    m - +1 hat
rElec   .          Harm     .    r - scarf of the Fated Mistrust {repulsion, Elem, Comp} (curse)
rCorr   .          Roll     +    (no gloves)
Will    .....                    (no barding) Stlth
                                 h - amulet "Celestial Portent" {Spirit, Bglg, Alch} (curse)
HPRegen 0.30/turn                f - ring of protection from fire
MPRegen 0.10/turn                p - ring of poison resistance

@: confused, studying Polearms, repel missiles
A: large, rugged brown scales 3, deformed body, armoured tail, roll, long
tongue, awkward tongue
a: Renounce Religion, Shatter the Chains


You were on level 5 of the Dungeon.
You worshipped Ashenzari.
Ashenzari was aware of your devotion.
You visited 1 branch of the dungeon, and saw 5 of its levels.

You collected 246 gold pieces.

Inventory:

Hand Weapons
 a - a +0 war axe of freezing
 g - a +3 war axe (weapon)
 l - a +2 vampiric dagger
Missiles
 d - 2 throwing nets
 y - 6 boomerangs (quivered)
 C - 2 silver javelins
Armour
 b - a +0 scale mail (worn)
 c - a +0 buckler (worn)
 m - a +1 hat (worn)
 r - the cursed scarf of the Fated Mistrust (worn) {repulsion, Elem, Comp}
   (You found it on level 2 of the Dungeon)

   It has a curse which improves the following skills: Elements: Fire Magic, Ice
   Magic, Air Magic and Earth Magic.
   Companions: Summonings and Necromancy.
 w - a +1 leather armour of poison resistance
Jewellery
 f - a ring of protection from fire (left hand)
 h - the cursed amulet "Celestial Portent" (around neck) {Spirit, Bglg, Alch}
   (You found it on level 1 of the Dungeon)

   [amulet of guardian spirit]

   It causes incoming damage to be divided between your reserves of health and
   magic.
   It has a curse which improves the following skills: Beguiling: Conjurations,
   Hexes and Translocations.
   Alchemy:   Poison Magic and Transmutations.
 p - a ring of poison resistance (right hand)
Scrolls
 s - a scroll of butterflies
 t - 2 scrolls of poison
 v - a scroll of fear
Potions
 e - a potion of invisibility
 j - a potion of berserk rage
 u - a potion of haste
 x - a potion of heal wounds
 z - a potion of curing
 A - a potion of flight


   Skills:
 + Level 3.9 Fighting
 + Level 5.1 Axes
 + Level 6.0 Armour
 + Level 1.2 Dodging
 + Level 0.4 Stealth
 + Level 4.0 Shields


You had 6 spell levels left.
You didn't know any spells.
Your spell library contained the following spells:

 Spells                   Type           Power      Damage    Failure   Level
 Apportation              Tloc           0%         N/A       75%         1
 Necrotise                Necr           0%         1d4       75%         1
 Summon Small Mammal      Summ           0%         N/A       75%         1
 Call Canine Familiar     Summ           0%         N/A       98%         3
 Gell's Gravitas          Tloc           0%         N/A       98%         3
 Lesser Beckoning         Tloc           0%         N/A       98%         3
 Summon Guardian Golem    Hex/Summ       0%         N/A       98%         3
 Teleport Other           Tloc           0%         N/A       98%         3
 Animate Dead             Necr           0%         N/A       100%        4
 Borgnjor's Vile Clutch   Necr/Erth      0%         N/A       100%        5
 Death Channel            Necr           0%         N/A       100%        6


Dungeon Overview and Level Annotations

Branches:
Dungeon (5/15)
 Temple: D:4-7

Altars:
Ashenzari
Elyvilon
Trog
Uskayaw
Zin
The Shining One

Shops:
D:1 [   D:2 [*[*   D:4 *

Annotations:
D:1 1 transporter
D:5 Prince Ribbit


Innate Abilities, Weirdness & Mutations

You are completely covered in rugged brown scales. (AC +3, +7% HP)
Armour fits poorly on your strangely shaped body.
You have a long armoured tail.
You roll when moving toward enemies. (Rampage)
Your long tongue fully drains potion bottles. (2x potion effects)
Your tongue gives you trouble enunciating. (1.5x scroll delay)


Message History

You hit the orc wizard. You barely miss the adder. You hit the orc wizard.
The adder bites you but does no damage. You block the orc wizard's attack.
You block the orc's attack.
The orc wizard gestures wildly while chanting.
The orc wizard flickers and vanishes!
The gnoll closely misses you. The gnoll barely misses you.
The adder bites you but does no damage.
You barely miss the orc.
You hit the orc wizard but do no damage.
You slash the adder! You hit something. You closely miss something.
The adder barely misses you.
You hear some strange, mumbled words.
A puff of flame appears from out of thin air!
The puff of flame hits you. You resist.
The orc wizard hits you with a +0 dagger.
The orc hits you with a +0 club. Something hits you.
You block the gnoll's attack.
The gnoll hits you from afar with a +0 spear.
* * * LOW HITPOINT WARNING * * *
Prince Ribbit hits you!
* * * LOW HITPOINT WARNING * * *
The adder bites you but does no damage.
You barely miss the orc. You barely miss the adder. You hit something. x2
You hit Prince Ribbit. You closely miss the orc wizard.
You block Prince Ribbit's attack. Something hits you.
The orc wizard gestures wildly while chanting.
The orc wizard flickers and vanishes!
The orc hits you but does no damage. Something hits you but does no damage.
The gnoll closely misses you.
The gnoll hits you from afar with a +0 spear.
* * * LOW HITPOINT WARNING * * *
The adder closely misses you. The orc hits you with a +0 club.
* * * LOW HITPOINT WARNING * * *
The gnoll hits you from afar with a +0 spear.
* * * LOW HITPOINT WARNING * * *
Something hits you but does no damage.
You hear some strange, mumbled words.
You are confused.
You hear some strange, mumbled words.
You are more confused.
Prince Ribbit hits you.
You die...

##...########
#...#....##.#
##..........#
#...........###
............~~~ ∩
............###
).....{{......##
#.o@)g.....#
#.FS{#..[..###
.......g........####
#...........#......###
###.........##.......#
.$........##..##.#...
#...............#.# ..
#..<.........#.[# . .#
....##.##..# ....


You could see Prince Ribbit, 2 gnolls, an adder and an orc.

Vanquished Creatures
  A steam dragon (D:4)
  3 scorpions
  A bullfrog (D:4)
  An orc priest (D:5)
  2 hounds
  A gnoll bouda (D:5)
  2 iguanas (D:4)
  An orc wizard (D:5)
  5 gnolls (D:5)
  8 adders
  A dart slug (D:4)
  4 orcs
  10 ball pythons
  3 endoplasms
  4 giant cockroaches
  3 goblins
  11 hobgoblins
  8 kobolds
  3 quokkas
  3 bats
  6 frilled lizards
  4 rats
85 creatures vanquished.

Vanquished Creatures (others)
  A ball python (D:1)
  A goblin (D:4)
  2 plants (D:3)
4 creatures vanquished.

Grand Total: 89 creatures vanquished

Notes
Turn   | Place    | Note
-------+----------+-------------------------------------------
     0 | D:1      | Sabo the Armataur Fighter began the quest for the Orb.
     0 | D:1      | Reached XP level 1. HP: 19/19 MP: 1/1
     2 | D:1      | You fall into a shaft and drop 1 floor!
    57 | D:2      | Reached XP level 2. HP: 18/26 MP: 2/2
   598 | D:1      | Reached skill level 4 in Armour
   664 | D:1      | Found Teluf's Armour Boutique.
   784 | D:2      | Reached XP level 3. HP: 30/33 MP: 3/3
  1427 | D:2      | Found Saneif's Assorted Antiques.
  1594 | D:2      | Found Irghupsu's Armour Shop.
  1623 | D:2      | Found Qato's Armour Emporium.
  1645 | D:2      | Found Xenliz's Assorted Antiques.
  1647 | D:2      | Reached XP level 4. HP: 34/40 MP: 4/4
  2021 | D:3      | Found a faded altar of an unknown god.
  2805 | D:3      | Found a bloodstained altar of Trog.
  3155 | D:4      | Found a broken altar of Ashenzari.
  3174 | D:4      | Became a worshipper of Ashenzari the Shackled
  3225 | D:4      | Noticed a +0 falchion
  3225 | D:4      | Noticed a +0 dagger
  3226 | D:4      | Noticed a +0 falchion
  3226 | D:4      | Noticed a +0 short sword
  3227 | D:4      | Noticed a +0 short sword
  3227 | D:4      | Noticed a +0 spear
  3229 | D:4      | Noticed a +0 spear
  3230 | D:4      | Noticed a +0 dagger
  3244 | D:4      | Reached XP level 5. HP: 31/48 MP: 2/5
  3415 | D:4      | Found Tepril's Assorted Antiques.
  3605 | D:4      | Noticed a steam dragon
  3617 | D:4      | Killed a steam dragon
  3618 | D:4      | Reached skill level 5 in Armour
  3618 | D:4      | Reached skill level 1 in Dodging
  3618 | D:4      | Reached XP level 6. HP: 37/54 MP: 2/6
  3948 | D:4      | Found a hide-covered altar of Uskayaw.
  4094 | D:4      | Found a glowing golden altar of the Shining One.
  4097 | D:4      | Found a white marble altar of Elyvilon.
  4098 | D:4      | Found a glowing silver altar of Zin.
  4578 | D:4      | Reached * piety under Ashenzari
  5017 | D:5      | Entered Level 5 of the Dungeon
  5050 | D:5      | Reached XP level 7. HP: 45/62 MP: 4/7
  5100 | D:5      | Reached skill level 5 in Axes
  5100 | D:5      | Reached skill level 6 in Armour
  5130 | D:5      | Noticed Prince Ribbit
  5134 | D:5      | HP: 3/62 [gnoll/+0 spear (5)]
  5134 | D:5      | Slain by Prince Ribbit

Illustrated notes

Levels and vault maps discovered:
D:1:      spicycebolla_arrival_transporter_tutorial, layout_basic, serial_shops,
          shop, lemuel_flame_loot_1
D:2:      layout_basic, serial_shops, nicolae_lakefront_shop,
          nicolae_shop_statue_plus, shop_statue, shop
D:3:      layout_basic, mainiacjoe_overflow_alcove_2, serial_forest,
          infiniplex_forest_clump_curved, infiniplex_forest_zigzag_2,
          infiniplex_forest_clump_C, infiniplex_forest_lined_2,
          infiniplex_forest_corner_2, infiniplex_forest_straight_3,
          infiniplex_forest_clump_small, hellmonk_ecumenical_altar_arch_garden,
          st_stairs_10, minmay_misc_feat_columns, minmay_diced_spiral
D:4:      layout_layer_cave, dreamdust_divine_triumvirate,
          mainiacjoe_overflow_catwalk, nicolae_uskayaw_en_pointe, serial_shops,
          shop, grunt_ministairs_7, minmay_manual_mail
D:5:      layout_cave_pools, fedhas_altar_fruit_tree, portal_sewer_entry_d,
          ebering_ghost_sewer_f, bh_walls_and_bars, uniq_prince_ribbit1

Skill      XL: |  1  2  3  4  5  6  7 |
---------------+----------------------+-----
Fighting       | 3 |  3.9
Armour         | 4 5 6 |  6.0
Axes           | 2 3 4 5 |  5.1
Dodging        | 1 |  1.2
Shields        | 4 |  4.0
Stealth        | |  0.4

Action                   |  1- 3 |  4- 6 |  7- 9 || total
-------------------------+-------+-------+-------++-------
Melee: War axe           |   102 |   137 |    25 ||   264
       Tailslap          |     8 |     9 |     2 ||    19
Invok: Curse Item        |       |     2 |       ||     2
  Use: Potion            |       |     1 |       ||     1
       Scroll            |       |     4 |       ||     4
Armor: Scale mail        |    69 |    53 |    19 ||   141
       Leather armour    |       |    25 |       ||    25
Dodge: Dodged            |    50 |    54 |    19 ||   123
Block: Buckler           |    23 |    20 |    10 ||    53

Table legend: (Time is in decaauts)
 A = Elapsed time spent in this place.
 B = Non-inter-level travel time spent in this place.
 C = Inter-level travel time spent in this place.
 D = Time resting spent in this place.
 E = Time spent auto-exploring this place.
 F = Levels seen in this place.
 G = Mean time per level.
                   A        B        C        D        E       F      G
               +--------+--------+--------+--------+--------+-----+--------+
         Total |   5236 |   5236 |      0 |    691 |      0 |   5 | 1047.2 |
       Dungeon |   5236 |   5236 |      0 |    691 |      0 |   5 | 1047.2 |
               +--------+--------+--------+--------+--------+-----+--------+

Top non-repeatable levels by time:
     D:4: 1583 daAuts
     D:2: 1564 daAuts
     D:3: 1273 daAuts
     D:1: 688 daAuts
     D:5: 126 daAuts
